 Dungeon Crawl Stone Soup version 0.29-a0-870-g2c972031a6 (webtiles) character file.

Game seed: 4726134640845430143

42 zeratav the Stinger (level 3, -4/21 HPs)
             Began as an Octopode Venom Mage on July 17, 2022.
             Shot with a sling bullet by a goblin (5 damage)
             ... on level 2 of the Dungeon.
             The game lasted 00:01:30 (2113 turns).

zeratav the Stinger (Octopode Venom Mage)           Turns: 2113, Time: 00:01:31

Health: -4/21      AC:  1    Str:  7    XL:     3   Next: 54%
Magic:  6/6        EV: 13    Int: 19    God:
Gold:   85         SH:  0    Dex: 12    Spells: 3/6 levels left

rFire   . . .      SeeInvis +   c - +1 dagger (freeze) {short}
rCold   . . .      Faith    .   (no shield)
rNeg    . . .      Spirit   .   (helmet restricted)
rPois   .          Reflect  .   (no amulet)
rElec   .          Harm     .   f - ring of see invisible
rCorr   .          Rampage  .   (no ring)
Will    .....                   (no ring)
Stlth   +++.......              (no ring)
HPRegen 0.07/turn               (no ring)
MPRegen 0.10/turn               (no ring)
                                (no ring)
                                (no ring)

@: no status effects
A: almost no armour, amphibious, 8 rings, camouflage 1, gelatinous body 1,
(nimble swimmer 1), tentacles
a: no special abilities


You were on level 2 of the Dungeon.
You visited 1 branch of the dungeon, and saw 2 of its levels.

You collected 85 gold pieces.


Innate Abilities, Weirdness & Mutations

You cannot wear most types of armour.
You are amphibious.
You can wear up to eight rings at the same time.
Your skin changes colour to match your surroundings (Stealth+).
Your rubbery body absorbs attacks. (AC +1, EV +1)
((You are camouflaged when in or above water. (Stealth+)))
You have tentacles for arms and can constrict up to eight enemies at once.


   Skills:
 - Level 2.0 Dodging
 + Level 4.2 Stealth
 - Level 2.0 Spellcasting
 - Level 1.0 Transmutations
 + Level 4.6 Poison Magic


You had 3 spell levels left.
You knew the following spells:

 Your Spells              Type           Power      Damage    Failure   Level
a - Sting                 Tmut/Pois      48%        1d5       5%          1
b - Poisonous Vapours     Pois/Air       20%        N/A       10%         2

Your spell library contained the following spells:

 Spells                   Type           Power      Damage    Failure   Level
 Mephitic Cloud           Conj/Pois/Air  7%         N/A       26%         3
 Olgreb's Toxic Radiance  Pois           19%        N/A       26%         4

Inventory:

Hand Weapons
 c - a +1 dagger of freezing (weapon) {short}
   (You took it off a goblin on level 1 of the Dungeon)
Jewellery
 f - a ring of see invisible (left tentacle)
   (You found it on level 1 of the Dungeon)
Scrolls
 g - a scroll of blinking {!r}
 h - a scroll of amnesia
Potions
 a - a potion of magic
 b - a potion of flight {unknown}
 d - a potion of resistance {unknown}
 k - a potion of mutation {unknown}
 l - a potion of lignification {unknown}

Dungeon Overview and Level Annotations

Branches:
Dungeon (2/15) Zot: 9887

Altars:

#.#########...#,,,#.....#######.#
............####+####...# #.#
#+#######..##,#...#.##..# #.#
,,,,,,* #..#,,+...',,#..## #.#
,,,,,,**#..##,*...*,##...# #.#
,,,,,,,*#...####)####..#.# #.#
*,**,,,*#.....#).g#...#..# #.#
,,**,,,*##....##)##.###.## #.#
****,,,**###...#@#..# #.# #.#
*,,,,,,,#.......####.#######.#
*,,,,,,,##...................#
***#....##.###.#####.#########
#....##.# #..##...........#
#....##.# ##.##...........#
#....##.# #..#...........#
#....##.# ##.#...........#
#######....##.# #.............#


You could see a goblin.


Message History

It was a scroll of teleportation.
As you read the scroll labelled KOCWEUF COPH, it crumbles to dust.
You feel aware of your surroundings.
It was a scroll of magic mapping.
As you read the scroll labelled ZOUREISUER, it crumbles to dust.
It is a scroll of enchant weapon.
Your +0 dagger of freezing {short} glows red for a moment.
Your surroundings suddenly seem different.
There is an open door here.
You open the door. 3 goblins and 3 hobgoblins come into view.
The hobgoblin shouts! x3; The goblin shouts!
The goblin shouts!
You hit the hobgoblin. You freeze the hobgoblin.
Your grab misses the hobgoblin.
Something unseen opens the door.
A goblin comes into view. It is wielding a +0 dagger. x2
The goblin shouts!
You hit the hobgoblin. You freeze the hobgoblin.
You kill the hobgoblin!
The goblin shouts!
You hear a shout!
The goblin moves out of view.
You miss the goblin. Your grab misses the goblin.
A goblin comes into view. It is wielding a +0 dagger.
The goblin closely misses you.
You hit the goblin. You freeze the goblin.
You kill the goblin!
The goblin hits you with a +0 dagger.
You hit the goblin. You freeze the goblin. Your grab misses the goblin.
The goblin hits you with a +0 dagger.
You completely miss the goblin. You grab the goblin. You squeeze the goblin.
You kill the goblin!
The goblin hits you with a +0 dagger.
HP[-3]
You take 3 damage, and now have 18/21 hp.
You hit the goblin. You freeze the goblin.
You kill the goblin!
The goblin barely misses you.
You hit the hobgoblin. You freeze the hobgoblin.
Your grab misses the hobgoblin. You squeeze the hobgoblin.
You kill the hobgoblin!
The goblin hits you with a +0 dagger.
HP[-3]
You take 3 damage, and now have 15/21 hp.
You closely miss the goblin. You grab the goblin. You constrict the goblin.
The goblin struggles to escape constriction.
The goblin hits you with a +0 dagger.
HP[-2]
You take 2 damage, and now have 13/21 hp.
You barely miss the goblin. You constrict the goblin.
The goblin completely misses you. The goblin hits you with a +0 dagger.
HP[-1]
You take 1 damage, and now have 12/21 hp.
You hit the goblin. You freeze the goblin.
You kill the goblin!
The goblin hits you with a +0 dagger.
* * * LOW HITPOINT WARNING * * *
You are too injured to fight recklessly!
You are too injured to fight recklessly!
HP[-3]
You take 3 damage, and now have 9/21 hp.
You are too injured to fight recklessly!
You are too injured to fight recklessly!
You are too injured to fight recklessly!
You are too injured to fight recklessly!
You are too injured to fight recklessly!
You are too injured to fight recklessly!
You are too injured to fight recklessly!
You are too injured to fight recklessly!
You are too injured to fight recklessly!
You are too injured to fight recklessly!
The hobgoblin attacks as you move away! The hobgoblin barely misses you.
The goblin hits you with a +0 dagger.
* * * LOW HITPOINT WARNING * * *
HP[-1]
You take 1 damage, and now have 8/21 hp.
The goblin attacks as you move away! The goblin completely misses you.
The hobgoblin attacks as you move away! The hobgoblin barely misses you.
There is an open door here.
You hit the hobgoblin. You freeze the hobgoblin.
Your grab misses the hobgoblin. The hobgoblin barely misses you.
You barely miss the hobgoblin. You grab the hobgoblin.
You constrict the hobgoblin. The hobgoblin closely misses you.
You hit the hobgoblin but do no damage.
You squeeze the hobgoblin, but do no damage.
You constrict the hobgoblin. The hobgoblin hits you.
* * * LOW HITPOINT WARNING * * *
HP[-4]
You take 4 damage, and now have 4/21 hp.
You hit the hobgoblin but do no damage. You squeeze the hobgoblin.
You kill the hobgoblin!
The goblin unwields a +0 dagger.
The goblin wields a +0 sling.
The goblin shoots a sling bullet.
The sling bullet hits you.
* * * LOW HITPOINT WARNING * * *
HP[-3]
You take 3 damage, and now have 1/21 hp.
You hit the goblin. You freeze the goblin. Your grab misses the goblin.
The goblin hits you but does no damage.
You hit the goblin. You freeze the goblin.
You kill the goblin!
The goblin shoots a sling bullet.
The sling bullet hits you.
You die...

Skill      XL: |  1  2  3 |
---------------+----------+-----
Stealth        | 3 4 |  4.2
Poison Magic   | 4 |  4.6
Dodging        | |  2.0
Spellcasting   | |  2.0
Transmutations | |  1.0

Action                   || total
-------------------------++-------
Melee: Dagger            ||    50
       Unarmed           ||     3
       Tentacles         ||    12
       Constrict         ||    11
       Punch             ||     1
 Cast: Sting             ||     6
  Use: Scroll            ||     6
 Stab: Sleeping          ||    11
       Distracted        ||     1
Armor: Skin              ||     1
Dodge: Dodged            ||    25

Levels and vault maps discovered:
D:1:      minmay_arrival_split_and_join, layout_loops_ring,
          shapermc_ecumenical_altar_gd, eino_curves_03, minmay_3d_cube
D:2:      cheibrodos_greedy_goblins, layout_basic, minmay_misc_feat_plants

Notes
Turn   | Place    | Note
-------+----------+-------------------------------------------
     0 | D:1      | zeratav the Octopode Venom Mage began the quest for the
                  | Orb.
     0 | D:1      | Reached XP level 1. HP: 11/11 MP: 3/3
     0 | D:1      | magus.rc [v1.9.6]
   170 | D:1      | Reached skill level 3 in Stealth
   455 | D:1      | Reached XP level 2. HP: 17/17 MP: 5/5
   460 | D:1      | Reached skill level 4 in Poison Magic
   697 | D:1      | Found a faded altar of an unknown god.
  1164 | D:2      | Learned a level 2 spell: Poisonous Vapours
  1169 | D:2      | Reached XP level 3. HP: 21/21 MP: 6/6
  1547 | D:2      | Reached skill level 4 in Stealth
  2110 | D:2      | HP: 4/21 [hobgoblin (4)]
  2111 | D:2      | HP: 1/21 [goblin/sling bullet (3)]
  2113 | D:2      | Shot with a sling bullet by a goblin

Vanquished Creatures
  A worm (D:2)
  3 endoplasms (D:1)
  3 giant cockroaches
  11 goblins
  7 hobgoblins
  4 ball pythons
  2 frilled lizards (D:1)
  A rat (D:1)
32 creatures vanquished.

Table legend:
 A = Non-vault XP
 B = Vault XP
 C = Vault XP percentage of total XP
 D = Non-vault monster count
 E = Vault monster count
 F = Vault count percentage of total count
                 A         B        C        D         E       F
            +---------+---------+-------+---------+---------+-------
      Total |      42 |      20 |  32.3 |      22 |      10 |  31.2
            +---------+---------+-------+---------+---------+-------
        D:1 |      26 |       4 |  13.3 |      15 |       2 |  11.8
        D:2 |      16 |      16 |  50.0 |       7 |       8 |  53.3
            +---------+---------+-------+---------+---------+-------

Illustrated notes

Table legend:
 A = Kills in this place as a percentage of kills in entire the game.
 B = Kills by you in this place as a percentage of kills by you in the entire game.
 C = Kills by friends in this place as a percentage of kills by friends in the entire game.
 D = Other kills in this place as a percentage of other kills in the entire game.
 E = Experience gained in this place as a percentage of experience gained in the entire game.
 F = Experience gained in this place divided by the number of levels of this place that you have seen.
                   A       B       C       D       E      F
               +-------+-------+-------+-------+-------+----------------------
         Total | 100.0 | 100.0 |   N/A |   N/A | 100.0 |  31.0
       Dungeon | 100.0 | 100.0 |   N/A |   N/A | 100.0 |  31.0
               +-------+-------+-------+-------+-------+----------------------

Table legend: (Time is in decaauts)
 A = Elapsed time spent in this place.
 B = Non-inter-level travel time spent in this place.
 C = Inter-level travel time spent in this place.
 D = Time resting spent in this place.
 E = Time spent auto-exploring this place.
 F = Levels seen in this place.
 G = Mean time per level.
                   A        B        C        D        E       F      G
               +--------+--------+--------+--------+--------+-----+--------+
         Total |   2111 |   2081 |     30 |    371 |   1536 |   2 | 1055.5 |
       Dungeon |   2111 |   2081 |     30 |    371 |   1536 |   2 | 1055.5 |
               +--------+--------+--------+--------+--------+-----+--------+

Top non-repeatable levels by time:
     D:1: 1097 daAuts
     D:2: 1014 daAuts
